Bears vs Punishers
Created - January 26, 2024 at 23:33
Goals
|
| Bears |
1 |
1 |
1 |
3 |
| Punishers |
1 |
2 |
1 |
4 |
|
Shots
|
| Bears |
13 |
8 |
8 |
29 |
| Punishers |
7 |
13 |
8 |
28 |
|
1st period
1. Bears , Kerby Rychel 23 (Nicolas Aube-Kubel 23, Christian Dvorak 22) at 6:45 (PP)
2. Punishers , Oskar Lindblom 14 (Connor Clifton 12) at 15:38
Penalties :
Emil Johansson (Her) for Interference (Minor) at 1:39, Phillip Danault (Pro) for High sticking (Minor) at 6:34
2nd period
3. Punishers , Phillip Danault 15 (Kole Lind 16, Kevin Roy 14) at 4:43
4. Punishers , Daniel Audette 11 (Oskar Lindblom 26, Ben Betker 11) at 6:09
5. Bears , Austin Wuthrich 12 (Adam Lowry 10) at 17:13
Penalties :
Sam Carrick (Her) for High sticking (Minor) at 0:27, Austin Wuthrich (Her) for Boarding (Minor) at 14:39
3rd period
6. Bears , Sam Carrick 14 (Gianluca Curcuruto 17, Michael Prapavessis 10) at 3:41 (PP)
7. Punishers , Austen Brassard 9 (John Quenneville 38, Connor Clifton 13) at 18:40
Penalties :
Tanner Jeannot (Pro) for Hooking (Minor) at 3:04, Joshua Leivo (Her) for Delaying the game (Minor) at 8:35, John Quenneville (Pro) for Hooking (Minor) at 13:13, Ben Betker (Pro) for Tripping (Minor) at 18:56
Goalie Stats
Jake Allen (Her), 24 saves from 28 shots - (0.857), L, 22-13-1, 58:51 minutes
Antoine Bibeau (Pro), 26 saves from 29 shots - (0.897), W, 12-8-1, 60:00 minutes
Players Stats for Bears
Player Name G A P +/- PIM S H SB GA TA FO MP PP MP PK MP
------------------------------------------------------------------------------------
A.J. Jenks 0 0 0 1 0 2 4 1 0 0 1/1 17:54 1:43 1:51
Adam Lowry 0 1 1 0 0 0 3 0 0 0 1/2 13:07 0:00 1:06
Austin Wuthrich 1 0 1 0 2 1 2 2 0 0 0/1 11:58 0:00 0:00
Christian Dvorak 0 1 1 -2 0 0 3 0 0 1 18/27 21:03 2:07 4:29
Cole Smith 0 0 0 -1 0 1 0 0 0 0 0/0 10:42 0:00 0:00
Emil Johansson 0 0 0 0 2 0 0 1 0 2 0/0 12:44 0:00 0:00
Gianluca Curcuruto 0 1 1 -2 0 0 2 0 0 0 0/0 20:50 2:04 3:36
Jacob Bryson 0 0 0 0 0 1 0 0 0 0 0/0 12:41 0:00 0:00
Joshua Leivo 0 0 0 0 2 1 1 0 0 0 0/0 15:02 1:43 0:00
Kerby Rychel 1 0 1 -2 0 6 2 0 1 0 3/9 21:10 2:07 4:26
Logan O'Connor 0 0 0 -1 0 2 1 0 0 0 0/0 8:00 0:00 0:00
Michael Prapavessis 0 1 1 -2 0 1 0 2 0 0 0/0 20:50 2:04 3:36
Mikko Vainonen 0 0 0 -1 0 3 3 1 0 0 0/0 26:29 1:46 4:20
Nicolas Aube-Kubel 0 1 1 -2 0 1 0 0 1 0 0/1 19:11 2:07 2:13
Nikolay Prokhorkin 0 0 0 -1 0 2 1 1 0 0 0/0 8:31 0:00 0:00
Sam Carrick 1 0 1 0 2 1 2 2 0 0 3/8 17:15 1:43 1:47
Tommy Vannelli 0 0 0 -1 0 3 0 1 0 1 0/0 26:29 1:46 4:20
Vincent Dunn 0 0 0 -1 0 4 2 0 0 0 0/2 8:04 0:00 0:00
Players Stats for Punishers
Player Name G A P +/- PIM S H SB GA TA FO MP PP MP PK MP
------------------------------------------------------------------------------------
Anton Blidh 0 0 0 1 0 7 3 1 1 0 1/1 21:57 4:06 2:27
Artem Zub 0 0 0 0 0 2 0 1 0 0 0/0 28:00 4:52 2:52
Austen Brassard 1 0 1 1 0 2 3 1 0 0 1/1 19:30 4:06 0:00
Ben Betker 0 1 1 0 2 1 1 1 0 1 0/0 24:07 4:52 1:58
Ben Meyers 0 0 0 -1 0 0 0 0 0 0 0/0 1:35 0:08 0:49
Carson Meyer 0 0 0 1 0 0 0 1 0 1 0/0 12:15 0:08 0:00
Connor Clifton 0 2 2 2 0 0 0 3 0 0 0/0 12:58 0:00 0:00
Daniel Audette 1 0 1 2 0 3 0 0 0 0 2/4 12:26 0:00 0:57
Fredrik Claesson 0 0 0 1 0 1 0 0 0 0 0/0 19:02 3:04 0:58
Jack Ahcan 0 0 0 0 0 0 0 0 0 0 0/0 2:58 0:00 0:00
Jesse Ylonen 0 0 0 0 0 0 0 0 0 0 0/0 8:03 0:00 0:00
John Hayden 0 0 0 0 0 0 1 0 0 0 1/1 8:16 0:00 0:13
John Quenneville 0 1 1 1 2 4 1 2 0 0 12/29 20:59 4:06 1:30
Kevin Roy 0 1 1 1 0 0 1 0 1 0 7/13 16:22 3:42 0:00
Kole Lind 0 1 1 1 0 1 2 0 0 0 0/0 16:22 3:42 0:00
Marcus Karlberg 0 0 0 -1 0 0 0 0 0 0 0/0 0:46 0:08 0:00
Nicolas Beaudin 0 0 0 2 0 0 0 1 0 0 0/0 13:52 0:00 0:54
Niko Mikkola 0 0 0 1 0 0 3 1 0 0 0/0 19:02 3:04 0:58
Oskar Lindblom 1 1 2 2 0 4 0 0 0 0 0/0 12:38 0:00 1:09
Phillip Danault 1 0 1 1 2 2 3 0 2 0 1/2 16:56 3:42 0:35
Tanner Jeannot 0 0 0 0 2 1 0 0 0 0 0/0 8:02 0:00 0:00
3 Stars
1 - Oskar Lindblom (Pro)
2 - Austen Brassard (Pro)
3 - Connor Clifton (Pro)
Power Play
Bears - 2 on 4 Attempt(s) - 50.00%
Punishers - 0 on 4 Attempt(s) - 0.00%
Penalty Kill
Bears - 4 on 4 Attempt(s) - 100.00%
- Score 0 goal in Penalty Kill
Punishers - 2 on 4 Attempt(s) - 50.00%
- Score 0 goal in Penalty Kill
Team Stat
Bears - Hits : 26 - Faceoff Wins : 26 - Blocked Shots : 11 - Penalty Minutes : 8
Punishers - Hits : 18 - Faceoff Wins : 25 - Blocked Shots : 12 - Penalty Minutes : 8
Official
Referees : Francis Charron and Peter MacDougall
Linesman : Kyle Flemington and Bryan Pancich
Game Notes
No Game Note
Finance
Level 1 -- Attendance: 1809 (90.45%) -- Ticket Income $126,630
Level 2 -- Attendance: 1000 (100.00%) -- Ticket Income $40,000
Total Attendance: 2809 (93.63%)
Total Ticket Income: $166,630
Other Income: $8,332
Total Income: $174,962
Bears
5 vs 5 Forward
Center Left Wing Right Wing Time % Phy DF OF
1 Christian Dvorak Kerby Rychel Nicolas Aube-Kubel 40 0 1 4
2 Sam Carrick A.J. Jenks Joshua Leivo 30 0 1 4
3 Adam Lowry Cole Smith Austin Wuthrich 20 0 2 3
4 Vincent Dunn Nikolay Prokhorkin Logan O'Connor 10 0 2 3
5 vs 5 Defense
Defense Defense Time % Phy DF OF
1 Mikko Vainonen Tommy Vannelli 40 0 3 2
2 Gianluca Curcuruto Michael Prapavessis 30 0 3 2
3 Jacob Bryson Emil Johansson 20 0 4 1
4 Mikko Vainonen Tommy Vannelli 10 0 3 2
PowerPlay Forward
Center Left Wing Right Wing Time % Phy DF OF
1 Christian Dvorak Kerby Rychel Nicolas Aube-Kubel 60 0 0 5
2 Sam Carrick A.J. Jenks Joshua Leivo 40 0 0 5
PowerPlay Defense
Defense Defense Time % Phy DF OF
1 Mikko Vainonen Tommy Vannelli 60 0 2 3
2 Gianluca Curcuruto Michael Prapavessis 40 0 2 3
Penalty Kill 4 Players Forward
Center Wing Time % Phy DF OF
1 Kerby Rychel Christian Dvorak 60 0 4 1
2 Nicolas Aube-Kubel Sam Carrick 40 0 4 1
Penalty Kill 4 Players Defense
Defense Defense Time % Phy DF OF
1 Mikko Vainonen Tommy Vannelli 60 0 4 1
2 Gianluca Curcuruto Michael Prapavessis 40 0 4 1
Penalty Kill - 3 Players Forward
Forward Time % Phy DF OF
1 Kerby Rychel 60 0 5 0
2 Christian Dvorak 40 0 5 0
Penalty Kill - 3 Players Defense
Defense Defense Time % Phy DF OF
1 Mikko Vainonen Tommy Vannelli 60 0 5 0
2 Gianluca Curcuruto Michael Prapavessis 40 0 5 0
4 vs 4 Forward
Center Wing Time % Phy DF OF
1 Kerby Rychel Christian Dvorak 60 0 1 4
2 Nicolas Aube-Kubel Sam Carrick 40 0 1 4
4 vs 4 Defense
Defense Defense Time % Phy DF OF
1 Mikko Vainonen Tommy Vannelli 60 0 3 2
2 Gianluca Curcuruto Michael Prapavessis 40 0 3 2
Last Minutes Offensive
Center Left Wing Right Wing Defense Defense
Sam Carrick Kerby Rychel Nicolas Aube-Kubel Mikko Vainonen Tommy Vannelli
Last Minutes Defensive
Center Left Wing Right Wing Defense Defense
Sam Carrick Kerby Rychel Nicolas Aube-Kubel Michael Prapavessis Tommy Vannelli
Goaltenders
Starting : Jake Allen
Backup : Artyom Zagidulin
Extra Forwards
Normal : Kerby Rychel, Nicolas Aube-Kubel, Sam Carrick - PP : Kerby Rychel, Sam Carrick - PK : Sam Carrick
Extra Defensemen
Normal : Mikko Vainonen, Tommy Vannelli, Gianluca Curcuruto - PP : Jacob Bryson - PK : Tommy Vannelli, Michael Prapavessis
Penalty Shots
Nicolas Aube-Kubel, Joshua Leivo, Kerby Rychel, Sam Carrick, Christian Dvorak
Custom OT Lines Forwards
Kerby Rychel, Christian Dvorak, Nicolas Aube-Kubel, Sam Carrick, Joshua Leivo, A.J. Jenks, Cole Smith, Austin Wuthrich, Vincent Dunn, Adam Lowry
Custom OT Lines Defensemen
Mikko Vainonen, Tommy Vannelli, Gianluca Curcuruto, Michael Prapavessis, Jacob Bryson
Scratches
Blake Speers (Healthy), Colby Cave (Healthy), Jesper Pettersson (Healthy), David Farrance (Healthy), Mackenze Stewart (Healthy)
Zack Hayes (Healthy), Mario Ferraro (Healthy), Will Reilly (Healthy), Kristians Rubins (Healthy), Ryan Graves (Healthy)
Isaac Ratcliffe (Healthy), Nicholas Caamano (Healthy), Jakob Stenqvist (Healthy), Arvid Henrikson (Healthy), Kirill Maksimov (Healthy)
Punishers
5 vs 5 Forward
Center Left Wing Right Wing Time % Phy DF OF
1 John Quenneville Anton Blidh Austen Brassard 40 1 2 2
2 Kevin Roy Phillip Danault Kole Lind 30 1 2 2
3 Daniel Audette Oskar Lindblom Carson Meyer 20 1 2 2
4 John Hayden Tanner Jeannot Jesse Ylonen 10 1 2 2
5 vs 5 Defense
Defense Defense Time % Phy DF OF
1 Artem Zub Ben Betker 40 1 2 2
2 Fredrik Claesson Niko Mikkola 30 1 2 2
3 Connor Clifton Nicolas Beaudin 20 1 2 2
4 Jack Ahcan Artem Zub 10 1 2 2
PowerPlay Forward
Center Left Wing Right Wing Time % Phy DF OF
1 John Quenneville Anton Blidh Austen Brassard 60 1 2 2
2 Kevin Roy Phillip Danault Kole Lind 40 1 2 2
PowerPlay Defense
Defense Defense Time % Phy DF OF
1 Artem Zub Ben Betker 60 1 2 2
2 Fredrik Claesson Niko Mikkola 40 1 2 2
Penalty Kill 4 Players Forward
Center Wing Time % Phy DF OF
1 John Quenneville Anton Blidh 60 1 2 2
2 Phillip Danault Oskar Lindblom 40 1 2 2
Penalty Kill 4 Players Defense
Defense Defense Time % Phy DF OF
1 Artem Zub Ben Betker 60 1 2 2
2 Fredrik Claesson Niko Mikkola 40 1 2 2
Penalty Kill - 3 Players Forward
Forward Time % Phy DF OF
1 John Quenneville 60 1 2 2
2 Anton Blidh 40 1 2 2
Penalty Kill - 3 Players Defense
Defense Defense Time % Phy DF OF
1 Artem Zub Ben Betker 60 1 2 2
2 Fredrik Claesson Niko Mikkola 40 1 2 2
4 vs 4 Forward
Center Wing Time % Phy DF OF
1 John Quenneville Anton Blidh 60 1 2 2
2 Phillip Danault Oskar Lindblom 40 1 2 2
4 vs 4 Defense
Defense Defense Time % Phy DF OF
1 Artem Zub Ben Betker 60 1 2 2
2 Fredrik Claesson Niko Mikkola 40 1 2 2
Last Minutes Offensive
Center Left Wing Right Wing Defense Defense
John Quenneville Anton Blidh Austen Brassard Artem Zub Ben Betker
Last Minutes Defensive
Center Left Wing Right Wing Defense Defense
John Quenneville Anton Blidh Austen Brassard Artem Zub Ben Betker
Goaltenders
Starting : Antoine Bibeau
Backup : Cal Petersen
Extra Forwards
Normal : Ben Meyers, Marcus Karlberg, Daniel Audette - PP : Ben Meyers, Marcus Karlberg - PK : Daniel Audette
Extra Defensemen
Normal : Connor Clifton, Nicolas Beaudin, Jack Ahcan - PP : Connor Clifton - PK : Nicolas Beaudin, Jack Ahcan
Penalty Shots
John Quenneville, Anton Blidh, Phillip Danault, Oskar Lindblom, Kevin Roy
Custom OT Lines Forwards
John Quenneville, Anton Blidh, Phillip Danault, Oskar Lindblom, Kevin Roy, Daniel Audette, Austen Brassard, Kole Lind, Carson Meyer, Tanner Jeannot
Custom OT Lines Defensemen
Artem Zub, Ben Betker, Fredrik Claesson, Niko Mikkola, Connor Clifton
Scratches
Jack LaFontaine (Healthy)
% Time on Ice - Bears
Lines # - Real PCT - Wanted PCT - Time Play
Normal Forward
1 - 31% - 40% - 14:48
2 - 31% - 30% - 15:07
3 - 22% - 20% - 10:36
4 - 16% - 10% - 7:43
Normal Defense
1 - 40% - 40% - 19:06
2 - 31% - 30% - 15:10
3 - 26% - 20% - 12:41
4 - 3% - 10% - 1:17
PP Forward
1 - 55% - 60% - 2:07
2 - 45% - 40% - 1:43
PP Defense
1 - 46% - 60% - 1:46
2 - 54% - 40% - 2:04
PK Forward
1 - 72% - 60% - 5:43
2 - 28% - 40% - 2:13
PK Defense
1 - 55% - 60% - 4:20
2 - 45% - 40% - 3:36
PK3 Forward
1 - 0% - 60%
2 - 0% - 40%
PK3 Defense
1 - 0% - 60%
2 - 0% - 40%
44 Forward
1 - 0% - 60%
2 - 0% - 40%
44 Defense
1 - 0% - 60%
2 - 0% - 40%
Last Minute Offensive - 0:00
Last Minute Defensive - 0:00
Total
Forward - 60:00
Defense - 60:00
|
% Time on Ice - Punishers
Lines # - Real PCT - Wanted PCT - Time Play
Normal Forward
1 - 33% - 40% - 16:02
2 - 26% - 30% - 12:40
3 - 24% - 20% - 11:29
4 - 17% - 10% - 8:03
Normal Defense
1 - 36% - 40% - 17:18
2 - 31% - 30% - 15:00
3 - 27% - 20% - 12:58
4 - 6% - 10% - 2:58
PP Forward
1 - 53% - 60% - 4:14
2 - 47% - 40% - 3:42
PP Defense
1 - 61% - 60% - 4:52
2 - 39% - 40% - 3:04
PK Forward
1 - 91% - 60% - 3:29
2 - 9% - 40% - 0:21
PK Defense
1 - 75% - 60% - 2:52
2 - 25% - 40% - 0:58
PK3 Forward
1 - 0% - 60%
2 - 0% - 40%
PK3 Defense
1 - 0% - 60%
2 - 0% - 40%
44 Forward
1 - 0% - 60%
2 - 0% - 40%
44 Defense
1 - 0% - 60%
2 - 0% - 40%
Last Minute Offensive - 0:00
Last Minute Defensive - 0:00
Total
Forward - 60:00
Defense - 60:00
|
Play-by-Play
1st period
0:01 of 1st period - Christian Dvorak wins face-off versus John Quenneville in neutral zone.
0:10 of 1st period - Wrist shot by Anton Blidh.
0:10 of 1st period - Stopped by Jake Allen without a rebound.
0:11 of 1st period - Phillip Danault wins face-off versus Sam Carrick in Bears zone.
0:42 of 1st period - Wrist shot by Oskar Lindblom.
0:42 of 1st period - Stopped by Jake Allen without a rebound.
0:43 of 1st period - Adam Lowry wins face-off versus Daniel Audette in Bears zone.
0:52 of 1st period - Snap shot by Oskar Lindblom.
0:52 of 1st period - Shot Misses the Net.
0:54 of 1st period - Slapshot by Daniel Audette.
0:54 of 1st period - Stopped by Jake Allen with a rebound.
1:04 of 1st period - Snap shot by Carson Meyer.
1:04 of 1st period - Shot Blocked by Austin Wuthrich.
1:34 of 1st period - Wrist shot by Oskar Lindblom.
1:34 of 1st period - Shot Blocked by Emil Johansson.
1:39 of 1st period - Minor Penalty to Emil Johansson for Interference.
1:40 of 1st period - John Quenneville wins face-off versus Kerby Rychel in Bears zone.
1:44 of 1st period - Snap shot by John Quenneville.
1:44 of 1st period - Shot Hit the Post.
3:39 of 1st period - Penalty to Emil Johansson is over, Emil Johansson is back on ice.
5:26 of 1st period - Wrist shot by Adam Lowry.
5:26 of 1st period - Shot Misses the Net.
5:28 of 1st period - Slapshot by Mikko Vainonen.
5:28 of 1st period - Stopped by Antoine Bibeau with a rebound.
5:30 of 1st period - Wrist shot by Cole Smith.
5:30 of 1st period - Stopped by Antoine Bibeau with a rebound.
6:11 of 1st period - Wrist shot by Logan O'Connor.
6:11 of 1st period - Stopped by Antoine Bibeau without a rebound.
6:12 of 1st period - John Quenneville wins face-off versus Christian Dvorak in Punishers zone.
6:34 of 1st period - Minor Penalty to Phillip Danault for High sticking.
6:35 of 1st period - Christian Dvorak wins face-off versus John Quenneville in Punishers zone.
6:43 of 1st period - Wrist shot by Kerby Rychel.
6:43 of 1st period - Shot Misses the Net.
6:45 of 1st period - Wrist shot by Kerby Rychel.
6:45 of 1st period - Goal by Kerby Rychel - Bears : 1 - Punishers : 0.
6:46 of 1st period - John Quenneville wins face-off versus Christian Dvorak in neutral zone.
7:16 of 1st period - Wrist shot by Vincent Dunn.
7:16 of 1st period - Stopped by Antoine Bibeau with a rebound.
7:26 of 1st period - Backhand shot by Kole Lind.
7:26 of 1st period - Deflect By Kevin Roy.
7:26 of 1st period - Shot Misses the Net.
7:26 of 1st period - Puck is out of play.
7:27 of 1st period - Kevin Roy wins face-off versus Christian Dvorak in Bears zone.
7:50 of 1st period - Fredrik Claesson is hit by A.J. Jenks and loses puck.
8:17 of 1st period - Ben Betker is hit by Austin Wuthrich and loses puck.
8:34 of 1st period - Logan O'Connor is hit by Kevin Roy and loses puck.
9:22 of 1st period - Slapshot by Joshua Leivo.
9:22 of 1st period - Shot Misses the Net.
9:34 of 1st period - Slapshot by Kole Lind.
9:34 of 1st period - Shot Misses the Net.
9:36 of 1st period - Slapshot by Ben Betker.
9:36 of 1st period - Deflect By Phillip Danault.
9:36 of 1st period - Shot Misses the Net.
9:36 of 1st period - Puck is out of play.
9:37 of 1st period - Christian Dvorak wins face-off versus Phillip Danault in Bears zone.
10:31 of 1st period - Slapshot by Adam Lowry.
10:31 of 1st period - Deflect By Cole Smith.
10:31 of 1st period - Shot Misses the Net.
10:31 of 1st period - Puck is out of play.
10:32 of 1st period - Kerby Rychel wins face-off versus John Quenneville in Punishers zone.
10:35 of 1st period - Wrist shot by Kerby Rychel.
10:35 of 1st period - Shot Blocked by John Quenneville.
10:37 of 1st period - Snap shot by Kerby Rychel.
10:37 of 1st period - Stopped by Antoine Bibeau with a rebound.
11:00 of 1st period - Off-side.
11:01 of 1st period - Sam Carrick wins face-off versus Kevin Roy in neutral zone.
11:24 of 1st period - Snap shot by Phillip Danault.
11:24 of 1st period - Shot Blocked by Sam Carrick.
11:40 of 1st period - Wrist shot by Phillip Danault.
11:40 of 1st period - Shot Misses the Net.
11:42 of 1st period - Snap shot by Kevin Roy.
11:42 of 1st period - Shot Blocked by Sam Carrick.
11:44 of 1st period - Slapshot by Kevin Roy.
11:44 of 1st period - Shot Misses the Net.
11:46 of 1st period - Slapshot by Connor Clifton.
11:46 of 1st period - Shot Blocked by Michael Prapavessis.
11:48 of 1st period - Wrist shot by Kole Lind.
11:48 of 1st period - Shot Blocked by A.J. Jenks.
11:54 of 1st period - Snap shot by Phillip Danault.
11:54 of 1st period - Stopped by Jake Allen without a rebound.
11:55 of 1st period - Kerby Rychel wins face-off versus John Quenneville in Bears zone.
11:55 of 1st period - Kerby Rychel is hit by Austen Brassard.
13:32 of 1st period - Kole Lind is hit by Adam Lowry and loses puck.
13:45 of 1st period - Ben Betker is hit by Joshua Leivo and loses puck.
14:02 of 1st period - Artem Zub is hit by Gianluca Curcuruto and loses puck.
14:07 of 1st period - Snap shot by Nicolas Aube-Kubel.
14:07 of 1st period - Shot Blocked by Ben Betker.
14:25 of 1st period - Snap shot by Daniel Audette.
14:25 of 1st period - Shot Misses the Net.
15:38 of 1st period - Wrist shot by Oskar Lindblom.
15:38 of 1st period - Goal by Oskar Lindblom - Bears : 1 - Punishers : 1.
15:39 of 1st period - Christian Dvorak wins face-off versus John Quenneville in neutral zone.
16:52 of 1st period - Slapshot by Mikko Vainonen.
16:52 of 1st period - Stopped by Antoine Bibeau with a rebound.
16:54 of 1st period - Slapshot by Mikko Vainonen.
16:54 of 1st period - Deflect By Austen Brassard.
16:54 of 1st period - Stopped by Antoine Bibeau without a rebound.
16:55 of 1st period - Kevin Roy wins face-off versus Christian Dvorak in Punishers zone.
17:07 of 1st period - Icing by Emil Johansson.
17:08 of 1st period - John Quenneville wins face-off versus Christian Dvorak in Bears zone.
17:15 of 1st period - Snap shot by Anton Blidh.
17:15 of 1st period - Stopped by Jake Allen without a rebound.
17:16 of 1st period - Christian Dvorak wins face-off versus John Quenneville in Bears zone.
17:20 of 1st period - Icing by Mikko Vainonen.
17:21 of 1st period - Christian Dvorak wins face-off versus John Quenneville in Bears zone.
17:36 of 1st period - Austen Brassard is hit by Christian Dvorak and loses puck.
17:47 of 1st period - Artem Zub is hit by A.J. Jenks and loses puck.
17:54 of 1st period - Wrist shot by Sam Carrick.
17:54 of 1st period - Shot Misses the Net.
17:56 of 1st period - Wrist shot by A.J. Jenks.
17:56 of 1st period - Stopped by Antoine Bibeau with a rebound.
18:26 of 1st period - Tanner Jeannot is hit by Logan O'Connor and loses puck.
18:31 of 1st period - Snap shot by Nikolay Prokhorkin.
18:31 of 1st period - Stopped by Antoine Bibeau with a rebound.
18:33 of 1st period - Snap shot by Logan O'Connor.
18:33 of 1st period - Stopped by Antoine Bibeau with a rebound.
18:35 of 1st period - Snap shot by Vincent Dunn.
18:35 of 1st period - Shot Misses the Net.
18:37 of 1st period - Wrist shot by Nikolay Prokhorkin.
18:37 of 1st period - Stopped by Antoine Bibeau with a rebound.
18:39 of 1st period - Slapshot by Jacob Bryson.
18:39 of 1st period - Stopped by Antoine Bibeau with a rebound.
19:32 of 1st period - Icing by Connor Clifton.
19:33 of 1st period - Daniel Audette wins face-off versus Adam Lowry in Punishers zone.
19:33 of 1st period - Daniel Audette is hit by Adam Lowry.
19:59 of 1st period - Slapshot by Oskar Lindblom.
19:59 of 1st period - Stopped by Jake Allen with a rebound.
Goals for this period are 1 for Bears vs 1 for Punishers.
Shots for this period are 13 for Bears vs 7 for Punishers.
2nd period
0:01 of 2nd period - Christian Dvorak wins face-off versus John Quenneville in neutral zone.
0:14 of 2nd period - Snap shot by Kerby Rychel.
0:14 of 2nd period - Shot Blocked by John Quenneville.
0:16 of 2nd period - Slapshot by Tommy Vannelli.
0:16 of 2nd period - Stopped by Antoine Bibeau with a rebound.
0:27 of 2nd period - Minor Penalty to Sam Carrick for High sticking.
0:28 of 2nd period - Anton Blidh wins face-off versus Kerby Rychel in Bears zone.
0:37 of 2nd period - Snap shot by Anton Blidh.
0:37 of 2nd period - Stopped by Jake Allen with a rebound.
0:39 of 2nd period - Snap shot by Artem Zub.
0:39 of 2nd period - Stopped by Jake Allen with a rebound.
0:41 of 2nd period - Slapshot by Anton Blidh.
0:41 of 2nd period - Stopped by Jake Allen without a rebound.
0:42 of 2nd period - John Quenneville wins face-off versus Kerby Rychel in Bears zone.
0:43 of 2nd period - Snap shot by Anton Blidh.
0:43 of 2nd period - Deflect By Tommy Vannelli.
0:43 of 2nd period - Shot Misses the Net.
0:43 of 2nd period - Puck is out of play.
0:44 of 2nd period - John Quenneville wins face-off versus Kerby Rychel in Bears zone.
0:53 of 2nd period - Slapshot by Kerby Rychel.
0:53 of 2nd period - Shot Blocked by Austen Brassard.
1:09 of 2nd period - Mikko Vainonen is hit by Kole Lind and loses puck.
1:20 of 2nd period - Wrist shot by Nicolas Aube-Kubel.
1:20 of 2nd period - Stopped by Antoine Bibeau without a rebound.
1:21 of 2nd period - John Quenneville wins face-off versus Nicolas Aube-Kubel in Punishers zone.
1:37 of 2nd period - Kerby Rychel is hit by Austen Brassard.
2:27 of 2nd period - Penalty to Sam Carrick is over, Sam Carrick is back on ice.
2:44 of 2nd period - Snap shot by Sam Carrick.
2:44 of 2nd period - Shot Misses the Net.
3:57 of 2nd period - Tommy Vannelli is hit by John Hayden and loses puck.
4:24 of 2nd period - Carson Meyer is hit by Austin Wuthrich and loses puck.
4:43 of 2nd period - Slapshot by Phillip Danault.
4:43 of 2nd period - Goal by Phillip Danault - Bears : 1 - Punishers : 2.
4:44 of 2nd period - Christian Dvorak wins face-off versus John Quenneville in neutral zone.
4:52 of 2nd period - Wrist shot by Austen Brassard.
4:52 of 2nd period - Stopped by Jake Allen without a rebound.
4:53 of 2nd period - Christian Dvorak wins face-off versus John Quenneville in Bears zone.
5:10 of 2nd period - Snap shot by John Quenneville.
5:10 of 2nd period - Stopped by Jake Allen without a rebound.
5:11 of 2nd period - Sam Carrick wins face-off versus Kevin Roy in Bears zone.
5:36 of 2nd period - Artem Zub is hit by Kerby Rychel and loses puck.
6:07 of 2nd period - Snap shot by Oskar Lindblom.
6:07 of 2nd period - Shot Blocked by Michael Prapavessis.
6:09 of 2nd period - Slapshot by Daniel Audette.
6:09 of 2nd period - Goal by Daniel Audette - Bears : 1 - Punishers : 3.
6:10 of 2nd period - Kerby Rychel wins face-off versus John Quenneville in neutral zone.
6:15 of 2nd period - Slapshot by Kerby Rychel.
6:15 of 2nd period - Stopped by Antoine Bibeau with a rebound.
6:17 of 2nd period - Wrist shot by Nicolas Aube-Kubel.
6:17 of 2nd period - Shot Misses the Net.
6:19 of 2nd period - Slapshot by Christian Dvorak.
6:19 of 2nd period - Shot Misses the Net.
6:23 of 2nd period - Snap shot by Kerby Rychel.
6:23 of 2nd period - Shot Misses the Net.
6:25 of 2nd period - Slapshot by Tommy Vannelli.
6:25 of 2nd period - Stopped by Antoine Bibeau without a rebound.
6:26 of 2nd period - Kevin Roy wins face-off versus Sam Carrick in Punishers zone.
6:31 of 2nd period - Sam Carrick is hit by Phillip Danault and loses puck.
6:52 of 2nd period - Austen Brassard is hit by Kerby Rychel and loses puck.
7:38 of 2nd period - Jacob Bryson is hit by Niko Mikkola and loses puck.
9:05 of 2nd period - Ben Betker is hit by Mikko Vainonen and loses puck.
9:18 of 2nd period - Niko Mikkola is hit by A.J. Jenks.
9:26 of 2nd period - Wrist shot by Joshua Leivo.
9:26 of 2nd period - Stopped by Antoine Bibeau without a rebound.
9:27 of 2nd period - Austen Brassard wins face-off versus Christian Dvorak in Punishers zone.
9:36 of 2nd period - Snap shot by Anton Blidh.
9:36 of 2nd period - Stopped by Jake Allen with a rebound.
9:38 of 2nd period - Snap shot by Niko Mikkola.
9:38 of 2nd period - Shot Misses the Net.
9:40 of 2nd period - Snap shot by Austen Brassard.
9:40 of 2nd period - Deflect By Anton Blidh.
9:40 of 2nd period - Stopped by Jake Allen without a rebound.
9:41 of 2nd period - Christian Dvorak wins face-off versus John Quenneville in Bears zone.
10:27 of 2nd period - Slapshot by Mikko Vainonen.
10:27 of 2nd period - Shot Blocked by Carson Meyer.
10:35 of 2nd period - Slapshot by Oskar Lindblom.
10:35 of 2nd period - Stopped by Jake Allen with a rebound.
10:49 of 2nd period - Off-side.
10:50 of 2nd period - John Quenneville wins face-off versus Vincent Dunn in neutral zone.
10:53 of 2nd period - Gianluca Curcuruto is hit by John Quenneville and loses puck.
11:00 of 2nd period - Slapshot by Michael Prapavessis.
11:00 of 2nd period - Shot Misses the Net.
11:02 of 2nd period - Slapshot by Gianluca Curcuruto.
11:02 of 2nd period - Shot Blocked by Nicolas Beaudin.
11:04 of 2nd period - Snap shot by Vincent Dunn.
11:04 of 2nd period - Stopped by Antoine Bibeau without a rebound.
11:05 of 2nd period - Kevin Roy wins face-off versus Christian Dvorak in Punishers zone.
11:30 of 2nd period - Ben Betker is hit by A.J. Jenks and loses puck.
12:01 of 2nd period - Snap shot by Austin Wuthrich.
12:01 of 2nd period - Shot Blocked by Niko Mikkola.
12:19 of 2nd period - Nicolas Beaudin is hit by Mikko Vainonen and loses puck.
12:24 of 2nd period - Snap shot by Logan O'Connor.
12:24 of 2nd period - Shot Misses the Net.
13:02 of 2nd period - Wrist shot by John Quenneville.
13:02 of 2nd period - Stopped by Jake Allen without a rebound.
13:03 of 2nd period - Sam Carrick wins face-off versus John Quenneville in Bears zone.
13:38 of 2nd period - Wrist shot by Kole Lind.
13:38 of 2nd period - Stopped by Jake Allen without a rebound.
13:39 of 2nd period - Christian Dvorak wins face-off versus Kevin Roy in Bears zone.
13:46 of 2nd period - Slapshot by Kerby Rychel.
13:46 of 2nd period - Shot Misses the Net.
14:04 of 2nd period - Sam Carrick is hit by Anton Blidh and loses puck.
14:15 of 2nd period - Jacob Bryson is hit by Niko Mikkola and loses puck.
14:39 of 2nd period - Minor Penalty to Austin Wuthrich for Boarding.
14:40 of 2nd period - John Quenneville wins face-off versus Kerby Rychel in Bears zone.
15:06 of 2nd period - Kerby Rychel is hit by Phillip Danault and loses puck.
15:19 of 2nd period - Slapshot by Kole Lind.
15:19 of 2nd period - Shot Misses the Net.
16:39 of 2nd period - Penalty to Austin Wuthrich is over, Austin Wuthrich is back on ice.
16:42 of 2nd period - Carson Meyer is hit by Adam Lowry and loses puck.
16:51 of 2nd period - Wrist shot by A.J. Jenks.
16:51 of 2nd period - Stopped by Antoine Bibeau with a rebound.
17:13 of 2nd period - Snap shot by Austin Wuthrich.
17:13 of 2nd period - Goal by Austin Wuthrich - Bears : 2 - Punishers : 3.
17:14 of 2nd period - John Quenneville wins face-off versus Christian Dvorak in neutral zone.
17:39 of 2nd period - Anton Blidh is hit by Vincent Dunn and loses puck.
18:26 of 2nd period - Snap shot by Nicolas Aube-Kubel.
18:26 of 2nd period - Shot Misses the Net.
19:02 of 2nd period - Wrist shot by John Hayden.
19:02 of 2nd period - Shot Blocked by Nikolay Prokhorkin.
19:04 of 2nd period - Slapshot by Ben Betker.
19:04 of 2nd period - Stopped by Jake Allen without a rebound.
19:05 of 2nd period - Christian Dvorak wins face-off versus Kevin Roy in Bears zone.
19:30 of 2nd period - Artem Zub is hit by Sam Carrick and loses puck.
Goals for this period are 1 for Bears vs 2 for Punishers.
Shots for this period are 8 for Bears vs 13 for Punishers.
3rd period
0:01 of 3rd period - Christian Dvorak wins face-off versus John Quenneville in neutral zone.
0:14 of 3rd period - Wrist shot by Nicolas Aube-Kubel.
0:14 of 3rd period - Shot Misses the Net.
0:32 of 3rd period - Ben Betker is hit by Sam Carrick and loses puck.
0:59 of 3rd period - Slapshot by Artem Zub.
0:59 of 3rd period - Stopped by Jake Allen with a rebound.
1:01 of 3rd period - Slapshot by Tanner Jeannot.
1:01 of 3rd period - Shot Misses the Net.
1:03 of 3rd period - Slapshot by Tanner Jeannot.
1:03 of 3rd period - Shot Misses the Net.
1:44 of 3rd period - Snap shot by Anton Blidh.
1:44 of 3rd period - Stopped by Jake Allen without a rebound.
1:45 of 3rd period - A.J. Jenks wins face-off versus Kevin Roy in Bears zone.
1:45 of 3rd period - A.J. Jenks is hit by Phillip Danault.
2:35 of 3rd period - Snap shot by Cole Smith.
2:35 of 3rd period - Shot Blocked by Connor Clifton.
3:04 of 3rd period - Minor Penalty to Tanner Jeannot for Hooking.
3:05 of 3rd period - Christian Dvorak wins face-off versus John Quenneville in Punishers zone.
3:35 of 3rd period - Wrist shot by Sam Carrick.
3:35 of 3rd period - Shot Misses the Net.
3:37 of 3rd period - Slapshot by Michael Prapavessis.
3:37 of 3rd period - Shot Hit the Post.
3:39 of 3rd period - Slapshot by Gianluca Curcuruto.
3:39 of 3rd period - Shot Misses the Net.
3:41 of 3rd period - Snap shot by Sam Carrick.
3:41 of 3rd period - Goal by Sam Carrick - Bears : 3 - Punishers : 3.
3:42 of 3rd period - Christian Dvorak wins face-off versus Kevin Roy in neutral zone.
3:47 of 3rd period - Snap shot by Kerby Rychel.
3:47 of 3rd period - Stopped by Antoine Bibeau without a rebound.
3:48 of 3rd period - Kevin Roy wins face-off versus Christian Dvorak in Punishers zone.
5:31 of 3rd period - Austen Brassard is hit by Nikolay Prokhorkin and loses puck.
5:40 of 3rd period - Wrist shot by Vincent Dunn.
5:40 of 3rd period - Stopped by Antoine Bibeau with a rebound.
5:56 of 3rd period - Snap shot by Kole Lind.
5:56 of 3rd period - Shot Blocked by Austin Wuthrich.
6:29 of 3rd period - Wrist shot by John Quenneville.
6:29 of 3rd period - Stopped by Jake Allen with a rebound.
6:31 of 3rd period - Snap shot by Anton Blidh.
6:31 of 3rd period - Shot Misses the Net.
6:33 of 3rd period - Snap shot by Anton Blidh.
6:33 of 3rd period - Shot Misses the Net.
6:57 of 3rd period - Kevin Roy is hit by Gianluca Curcuruto and loses puck.
7:13 of 3rd period - Ben Betker is hit by Mikko Vainonen and loses puck.
7:32 of 3rd period - Connor Clifton is hit by Christian Dvorak and loses puck.
7:48 of 3rd period - Off-side.
7:49 of 3rd period - John Quenneville wins face-off versus Sam Carrick in neutral zone.
7:52 of 3rd period - Tommy Vannelli is hit by Austen Brassard and loses puck.
8:35 of 3rd period - Minor Penalty to Joshua Leivo for Delaying the game.
8:36 of 3rd period - Kevin Roy wins face-off versus Kerby Rychel in Bears zone.
8:43 of 3rd period - Wrist shot by Kevin Roy.
8:43 of 3rd period - Shot Misses the Net.
8:53 of 3rd period - Gianluca Curcuruto is hit by Kole Lind.
9:17 of 3rd period - Slapshot by Phillip Danault.
9:17 of 3rd period - Shot Misses the Net.
9:19 of 3rd period - Backhand shot by Phillip Danault.
9:19 of 3rd period - Shot Misses the Net.
9:47 of 3rd period - Backhand shot by Phillip Danault.
9:47 of 3rd period - Deflect By Kerby Rychel.
9:47 of 3rd period - Shot Misses the Net.
9:47 of 3rd period - Puck is out of play.
9:48 of 3rd period - John Quenneville wins face-off versus Sam Carrick in Bears zone.
9:53 of 3rd period - Wrist shot by John Quenneville.
9:53 of 3rd period - Stopped by Jake Allen with a rebound.
10:35 of 3rd period - Penalty to Joshua Leivo is over, Joshua Leivo is back on ice.
11:18 of 3rd period - Snap shot by Tanner Jeannot.
11:18 of 3rd period - Deflect By Joshua Leivo.
11:18 of 3rd period - Stopped by Jake Allen without a rebound.
11:19 of 3rd period - John Hayden wins face-off versus Sam Carrick in Bears zone.
11:24 of 3rd period - Wrist shot by Tanner Jeannot.
11:24 of 3rd period - Shot Misses the Net.
11:26 of 3rd period - Snap shot by Tanner Jeannot.
11:26 of 3rd period - Shot Misses the Net.
11:28 of 3rd period - Snap shot by John Hayden.
11:28 of 3rd period - Shot Misses the Net.
11:30 of 3rd period - Wrist shot by Tanner Jeannot.
11:30 of 3rd period - Shot Blocked by Tommy Vannelli.
11:32 of 3rd period - Slapshot by Jesse Ylonen.
11:32 of 3rd period - Shot Misses the Net.
11:34 of 3rd period - Slapshot by Fredrik Claesson.
11:34 of 3rd period - Stopped by Jake Allen with a rebound.
11:44 of 3rd period - Mikko Vainonen is hit by Niko Mikkola and loses puck.
12:07 of 3rd period - Christian Dvorak is hit by Anton Blidh and loses puck.
12:14 of 3rd period - Wrist shot by Austen Brassard.
12:14 of 3rd period - Shot Misses the Net.
12:16 of 3rd period - Slapshot by Connor Clifton.
12:16 of 3rd period - Shot Hit the Post.
12:50 of 3rd period - Slapshot by Logan O'Connor.
12:50 of 3rd period - Shot Blocked by Connor Clifton.
12:56 of 3rd period - Wrist shot by Nikolay Prokhorkin.
12:56 of 3rd period - Shot Blocked by Connor Clifton.
12:58 of 3rd period - Snap shot by Vincent Dunn.
12:58 of 3rd period - Stopped by Antoine Bibeau without a rebound.
12:59 of 3rd period - Christian Dvorak wins face-off versus John Quenneville in Punishers zone.
13:02 of 3rd period - Slapshot by Kerby Rychel.
13:02 of 3rd period - Stopped by Antoine Bibeau with a rebound.
13:04 of 3rd period - Snap shot by Christian Dvorak.
13:04 of 3rd period - Shot Misses the Net.
13:06 of 3rd period - Wrist shot by Nicolas Aube-Kubel.
13:06 of 3rd period - Shot Blocked by Anton Blidh.
13:08 of 3rd period - Snap shot by Michael Prapavessis.
13:08 of 3rd period - Stopped by Antoine Bibeau with a rebound.
13:13 of 3rd period - Minor Penalty to John Quenneville for Hooking.
13:14 of 3rd period - Christian Dvorak wins face-off versus Daniel Audette in Punishers zone.
15:13 of 3rd period - Penalty to John Quenneville is over, John Quenneville is back on ice.
15:25 of 3rd period - Kole Lind is hit by Christian Dvorak and loses puck.
15:55 of 3rd period - Fredrik Claesson is hit by Vincent Dunn and loses puck.
16:27 of 3rd period - Adam Lowry is hit by Anton Blidh and loses puck.
17:44 of 3rd period - Wrist shot by Oskar Lindblom.
17:44 of 3rd period - Deflect By Daniel Audette.
17:44 of 3rd period - Stopped by Jake Allen with a rebound.
18:02 of 3rd period - Snap shot by Kerby Rychel.
18:02 of 3rd period - Shot Hit the Post.
18:04 of 3rd period - Slapshot by Kerby Rychel.
18:04 of 3rd period - Stopped by Antoine Bibeau without a rebound.
18:05 of 3rd period - Kevin Roy wins face-off versus Vincent Dunn in Punishers zone.
18:38 of 3rd period - Wrist shot by John Quenneville.
18:38 of 3rd period - Shot Blocked by Mikko Vainonen.
18:40 of 3rd period - Snap shot by Austen Brassard.
18:40 of 3rd period - Goal by Austen Brassard - Bears : 3 - Punishers : 4.
18:41 of 3rd period - Daniel Audette wins face-off versus Austin Wuthrich in neutral zone.
18:44 of 3rd period - Adam Lowry is hit by Ben Betker and loses puck.
18:51 of 3rd period - Bears, Jake Allen is pulled from the net.
18:56 of 3rd period - Minor Penalty to Ben Betker for Tripping.
18:57 of 3rd period - Christian Dvorak wins face-off versus John Quenneville in Punishers zone.
18:59 of 3rd period - Snap shot by Kerby Rychel.
18:59 of 3rd period - Shot Blocked by Artem Zub.
19:01 of 3rd period - Slapshot by Tommy Vannelli.
19:01 of 3rd period - Stopped by Antoine Bibeau with a rebound.
Goals for this period are 1 for Bears vs 1 for Punishers.
Shots for this period are 8 for Bears vs 8 for Punishers.